Map: Gresvan LE

Players

DRG

  • Race: Zerg Zerg
  • Spawn Location: 11:00

Harstem - Winner!

  • Race: Protoss Protoss
  • Spawn Location: 5:00

Event: ESL SC2 Masters 2023 Summer (Finals)

VOD

Have the link to the VOD?

Description

Time

  • Played on: June 16, 2023, 5:55 a.m.
  • Length: 41:17

All games in this series

Show
View Real Time Build Order
Export as new Build Order

DRG Zerg 

Build Orders: Hatch First 

Get SALT Encoding   

  12  0:00  Drone  
  13  0:12  Overlord  
  13  0:16  Drone  
  14  0:30  Drone x2  
  14  0:33  Drone  
  17  0:50  Hatchery  
  17  0:54  Drone  
  17  0:57  Drone  
  18  1:07  Drone  
  18  1:09  Extractor  
  18  1:15  Spawning Pool  
  18  1:18  Drone  
  18  1:28  Drone  
  19  1:38  Drone  
  20  1:50  Drone  
  21  2:00  Drone  
  22  2:02  Queen  
  22  2:03  Queen  
  22  2:04  Zergling x2  
  27  2:09  Overlord  
  27  2:14  Zergling x2, Metabolic Boost  
  29  2:30  Drone  
  29  2:31  Hatchery  
  29  2:34  Drone  
  29  2:35  Drone  
  30  2:38  Drone  
  31  2:44  Queen  
  31  2:49  Overlord  
  33  2:53  Drone  
  33  2:56  Drone x2  
  36  3:05  Overlord  
  36  3:11  Drone x4  
  40  3:15  Queen  
  40  3:19  Drone  
  43  3:20  Drone  
  43  3:25  Queen  
  46  3:29  Drone x2  
  48  3:38  Overlord  
  48  3:40  Drone  
  49  3:43  Drone x3  
  49  3:44  Queen  
  49  3:47  Spore Crawler  
  53  3:51  Overlord  
  53  3:53  Drone x2  
  55  3:57  Queen  
  57  4:03  Drone  
  57  4:04  Drone x2  
  57  4:07  Drone x3  
  63  4:11  Drone  
  63  4:15  Drone x2  
  66  4:17  Drone  
  66  4:20  Drone  
  66  4:22  Overlord  
  68  4:26  Overlord  
  68  4:27  Drone  
  69  4:33  Drone  
  69  4:35  Overlord  
  69  4:37  Roach Warren, Lair  
  69  4:39  Drone x3  
  71  4:47  Drone x2  
  71  4:48  Drone  
  71  4:49  Drone x3  
  71  4:50  Drone x3  
  71  4:51  Extractor  
  79  4:52  Extractor  
  78  5:00  Drone x2  
  78  5:02  Extractor, Hatchery  
  78  5:03  Extractor  
  78  5:06  Zergling x8  
  81  5:13  Spore Crawler x2  
  78  5:14  Overlord  
  78  5:17  Roach x4  
  86  5:22  Roach  
  86  5:27  Overlord  
  86  5:28  Zergling x2  
  89  5:29  Overlord  
  89  5:36  Roach x4  
  89  5:43  Zergling x10  
  89  5:44  Glial Reconstitution  
  92  5:56  Drone x6  
  96  6:01  Drone x6  
  102  6:06  Spire  
  102  6:09  Extractor, Drone x2  
  102  6:10  Overseer  
  102  6:14  Drone  
  102  6:16  Drone  
  104  6:19  Drone x4  
  104  6:24  Overlord x2  
  108  6:26  Overlord  
  108  6:31  Drone  
  109  6:32  Spore Crawler  
  120  6:40  Roach x6  
  120  6:44  Overlord  
  120  6:46  Overlord  
  120  6:51  Drone x3  
  119  6:55  Zergling x12  
  119  7:00  Drone x7  
  128  7:08  Baneling Nest  
  127  7:09  Drone  
  127  7:10  Evolution Chamber  
  127  7:12  Roach x5  
  127  7:15  Pneumatized Carapace  
  137  7:20  Roach x3  
  137  7:21  Overlord  
  143  7:28  Overlord  
  142  7:30  Roach  
  142  7:31  Overlord x2  
  142  7:36  Overlord x2  
  144  7:38  Overlord  
  144  7:40  Overlord  
  144  7:42  Overlord  
  144  7:44  Zerg Melee Weapons Level 1  
  144  7:47  Roach x3  
  144  7:50  Centrifugal Hooks  
  150  7:55  Zergling x12  
  156  8:00  Zergling x8  
  156  8:01  Zergling x2  
  156  8:04  Zergling x8  
  165  8:14  Overseer  
  165  8:17  Zergling x2  
  165  8:18  Zergling x10  
  171  8:22  Drone x3, Hatchery  
  171  8:24  Zergling x2  
  171  8:25  Zergling x6  
  171  8:26  Ravager  
  178  8:27  Ravager x2  
  178  8:33  Zergling x12  
  186  8:38  Zergling x14  
  193  8:42  Zergling x4  
  193  8:47  Zergling x6  
  197  8:53  Baneling  
  197  8:54  Baneling x24  
  197  9:00  Zergling x4  
  199  9:09  Infestation Pit  
  198  9:10  Baneling x27  
  178  9:30  Zergling x16  
  178  9:31  Zergling x8  
  165  9:37  Zergling x2  
  165  9:38  Zergling x24  
  148  9:41  Zergling x10  
  148  9:42  Roach  
  146  9:48  Roach x4  
  141  9:53  Hive  
  141  9:59  Zerg Melee Weapons Level 2  
  139  10:03  Drone x6  
  139  10:07  Spore Crawler  
  144  10:08  Roach x5  
  144  10:11  Roach x2  
  158  10:14  Baneling  
  158  10:15  Baneling x9  
  158  10:21  Zergling x6  
  161  10:23  Roach x3  
  161  10:28  Roach x4  
  175  10:31  Zergling x2  
  175  10:32  Zergling x6  
  173  10:41  Baneling x17  
  168  10:48  Overseer  
  169  10:50  Drone x3  
  169  10:53  Zergling x4  
  169  10:54  Zergling x20  
  183  11:06  Adrenal Glands  
  183  11:07  Greater Spire  
  183  11:11  Zergling x16  
  186  11:20  Baneling x4  
  186  11:25  Extractor x2, Drone x4  
  185  11:26  Drone x2  
  187  11:32  Extractor  
  185  11:41  Zergling x12  
  185  11:44  Corruptor x5  
  179  12:09  Zergling x12  
  183  12:18  Corruptor x2  
  183  12:20  Brood Lord x5  
  183  12:22  Zerg Flyer Weapons Level 1  
  196  12:25  Zergling x8  
  200  12:31  Zerg Melee Weapons Level 3  
  200  12:38  Evolution Chamber  
  200  12:40  Baneling x10  
  200  12:42  Zergling x2  
  196  12:51  Brood Lord x2  
  189  13:10  Zergling x34  
  194  13:24  Zergling x2  
  194  13:25  Zergling x14  
  198  13:30  Zergling x12  
  198  13:31  Zergling x2  
  196  13:35  Zerg Ground Armor Level 1  
  196  13:39  Drone x4  
  197  13:42  Baneling x7  
  197  13:56  Corruptor  
  197  13:57  Spire  
  197  14:09  Baneling x7  
  197  14:11  Spine Crawler  
  192  14:18  Spore Crawler x2  
  192  14:22  Zergling x22  
  199  14:27  Hydralisk Den  
  199  14:29  Zergling x2  
  199  14:30  Zergling x8, Baneling x3  
  187  15:09  Baneling x3  
  187  15:11  Zerg Flyer Weapons Level 2  
  187  15:12  Zerg Flyer Armor Level 1, Viper x2  
  189  15:15  Extractor  
  189  15:18  Zergling x4, Spore Crawler x2  
  189  15:19  Spore Crawler  
  189  15:20  Spore Crawler  
  189  15:21  Drone x3  
  189  15:22  Extractor  
  189  15:23  Drone x3  
  189  15:24  Spore Crawler  
  189  15:27  Hatchery  
  187  15:35  Corruptor x3  
  187  15:36  Corruptor  
  195  15:45  Zerg Ground Armor Level 2  
  195  15:46  Pathogen Glands  
  195  15:48  Burrow  
  195  15:56  Corruptor  
  195  15:57  Corruptor  
  195  16:01  Spore Crawler  
  195  16:03  Spore Crawler  
  197  16:09  Brood Lord x3  
  195  16:16  Infestor x6  
  185  16:27  Spore Crawler  
  185  16:28  Spore Crawler x2, Corruptor x3  
  188  16:33  Spore Crawler  
  188  16:34  Spore Crawler  
  186  16:41  Corruptor x4  
  194  17:00  Corruptor x4  
  181  17:19  Drone x2  
  181  17:20  Drone x3  
  181  17:21  Drone x4  
  181  17:22  Infestor x2  
  192  17:36  Drone x7  
  188  17:50  Corruptor  
  188  17:51  Corruptor x3  
  190  17:56  Extractor  
  192  18:05  Viper  
  195  18:14  Brood Lord x2  
  199  18:21  Zergling x2  
  187  18:29  Zergling x16  
  166  18:36  Zergling x28  
  166  18:37  Zergling x10  
  166  18:38  Zergling x18  
  165  19:01  Drone x3  
  165  19:02  Drone x3  
  170  19:04  Zerg Ground Armor Level 3  
  170  19:05  Drone x5  
  170  19:08  Infestor x2  
  170  19:09  Corruptor x3  
  179  19:10  Corruptor  
  179  19:12  Overseer x3  
  179  19:16  Corruptor  
  189  19:30  Corruptor x2  
  185  19:46  Corruptor  
  180  20:08  Drone  
  180  20:09  Drone x3  
  180  20:10  Extractor  
  180  20:11  Extractor, Overlord x2  
  182  20:15  Infestor x2  
  186  20:23  Drone x4  
  186  20:27  Drone  
  186  20:28  Drone x2  
  185  20:33  Viper  
  185  20:35  Drone x5  
  191  20:36  Drone x2  
  194  20:46  Zergling x8  
  194  20:54  Baneling x5  
  194  21:07  Viper  
  194  21:09  Hatchery  
  196  21:19  Zerg Flyer Weapons Level 3  
  196  21:24  Overseer x2  
  196  21:31  Drone x3  
  199  21:35  Zerg Flyer Armor Level 2  
  199  21:58  Overseer  
  199  22:23  Hatchery  
  198  22:54  Zergling x20  
  198  22:56  Zergling x22  
  197  23:02  Zergling x8  
  197  23:05  Baneling x6  
  197  23:18  Zergling x12  
  200  23:22  Zergling x4  
  199  23:29  Ultralisk Cavern  
  198  23:48  Drone  
  198  23:51  Spine Crawler  
  198  23:52  Spine Crawler  
  189  24:07  Baneling  
  189  24:08  Baneling x5  
  189  24:09  Drone x2  
  192  24:10  Drone  
  192  24:17  Brood Lord x2  
  192  24:18  Brood Lord  
  192  24:19  Corruptor x2  
  199  24:29  Zergling x6  
  198  24:41  Zergling x2  
  198  24:42  Zergling x8  
  198  24:45  Drone x5  
  188  24:46  Spine Crawler  
  188  24:48  Zergling x12  
  188  24:49  Spine Crawler  
  188  24:51  Chitinous Plating  
  191  24:55  Ultralisk  
  191  24:57  Overseer  
  191  24:58  Baneling x7  
  197  25:26  Hatchery  
  184  25:55  Ultralisk x3  
  193  25:58  Viper  
  193  26:04  Zergling x14  
  199  26:09  Anabolic Synthesis  
  194  26:19  Extractor x2  
  194  26:24  Zergling x14  
  194  26:37  Baneling x7  
  194  26:54  Hatchery  
  194  26:55  Ultralisk  
  194  27:54  Corruptor x2  
  194  29:31  Overseer  
  162  29:58  Drone  
  162  29:59  Ultralisk Cavern  
  162  30:01  Zergling x16  
  162  30:06  Spine Crawler x3  
  167  30:13  Brood Lord x3  
  173  30:16  Corruptor x10  
  173  30:20  Drone x4  
  196  30:26  Hatchery  
  194  30:32  Drone x2  
  194  30:34  Overlord  
  195  30:36  Overlord  
  195  30:46  Hatchery  
  195  30:49  Overlord  
  193  31:02  Baneling x8  
  193  31:17  Zergling x14  
  196  31:36  Zergling x8  
  199  31:45  Neural Parasite  
  181  31:47  Zergling x18  
  188  32:02  Ultralisk  
  188  32:03  Ultralisk  
  200  32:35  Infestor  
  198  32:39  Infestor  
  188  32:54  Infestor x4  
  193  33:16  Drone x4  
  197  33:27  Hatchery  
  197  33:30  Zergling x2  
  197  33:31  Zergling x4  
  197  33:33  Lair  
  197  33:34  Spire  
  198  33:35  Spire, Spawning Pool  
  198  33:37  Infestation Pit  
  195  33:57  Hatchery  
  194  34:10  Zergling x12  
  201  34:26  Overlord  
  201  34:28  Hatchery  
  194  35:19  Ultralisk  
  198  35:26  Drone x2  
  199  35:52  Zergling x2  
  196  36:14  Hydralisk Den  
  196  36:16  Lurker Den  
  170  36:59  Zergling x14  
  170  37:01  Ultralisk x3  
  195  37:10  Hatchery  
  195  37:13  Extractor  
  191  37:42  Hydralisk x4  
  199  37:45  Seismic Spines  
  195  38:26  Lurker x4  
  195  38:34  Hatchery  
  194  38:43  Adaptive Talons  
  193  38:52  Extractor  
  193  38:53  Spore Crawler  
  193  38:54  Spore Crawler  
  193  38:55  Hydralisk x3, Extractor  
  150  40:16  Corruptor x11  
  158  40:25  Corruptor  
  138  40:40  Corruptor x2  
Show
View Real Time Build Order
Export as new Build Order

Harstem Protoss - Winner!

Build Orders: 1 Gate Expand, Oracle Opening 

Get SALT Encoding   

  12  0:00  Probe  
  13  0:12  Probe  
  14  0:17  Pylon  
  14  0:24  Probe (Chrono Boost)  
  15  0:36  Probe (Chrono Boost)  
  15  0:38  Gateway  
  16  0:44  Probe (Chrono Boost)  
  16  0:46  Assimilator  
  17  0:51  Probe  
  18  1:03  Probe  
  19  1:15  Probe  
  20  1:23  Nexus  
  20  1:32  Cybernetics Core  
  20  1:38  Probe  
  21  1:43  Assimilator  
  21  1:50  Probe  
  21  1:51  Pylon  
  22  2:02  Probe  
  22  2:07  Adept (Chrono Boost)  
  23  2:08  Warp Gate  
  23  2:15  Probe  
  26  2:27  Probe  
  26  2:29  Adept  
  29  2:37  Stargate  
  29  2:38  Probe  
  29  2:39  Probe  
  31  2:50  Probe  
  31  2:51  Probe  
  33  3:00  Nexus  
  33  3:02  Probe  
  33  3:05  Probe  
  35  3:09  Assimilator  
  35  3:14  Probe  
  35  3:18  Pylon  
  35  3:19  Probe  
  37  3:20  Oracle (Chrono Boost)  
  37  3:26  Probe  
  41  3:31  Gateway  
  41  3:34  Probe  
  42  3:40  Twilight Council  
  42  3:41  Probe  
  42  3:46  Probe  
  44  3:53  Probe  
  45  3:56  Gateway  
  45  3:58  Gateway  
  45  4:00  Probe  
  46  4:05  Adept  
  46  4:06  Probe  
  49  4:10  Resonating Glaives (Chrono Boost)  
  49  4:12  Probe  
  50  4:17  Probe  
  50  4:18  Probe  
  50  4:23  Pylon  
  52  4:24  Probe  
  52  4:25  Stalker  
  52  4:27  Adept  
  52  4:29  Probe  
  52  4:31  Probe  
  59  4:34  Pylon, Oracle (Chrono Boost)  
  62  4:38  Probe  
  62  4:43  Probe  
  65  4:51  Probe  
  65  4:53  Adept x4  
  65  4:57  Pylon  
  65  4:58  Probe x2  
  75  5:03  Probe  
  76  5:10  Probe  
  76  5:13  Adept x4  
  85  5:16  Probe, Pylon  
  85  5:18  Probe  
  87  5:22  Probe  
  87  5:25  Forge  
  87  5:28  Probe  
  89  5:31  Probe, Assimilator  
  90  5:36  Probe  
  87  5:44  Blink (Chrono Boost), Stalker x4  
  87  5:45  Probe x2  
  87  5:48  Probe  
  87  5:49  Protoss Ground Weapons Level 1 (Chrono Boost)  
  96  5:57  Probe x2  
  93  6:00  Probe  
  95  6:05  Pylon  
  95  6:09  Probe x2, Assimilator  
  97  6:13  Probe  
  97  6:14  Assimilator  
  97  6:17  Gateway  
  98  6:20  Gateway, Shield Battery  
  98  6:21  Probe, Templar Archives  
  98  6:24  Stalker  
  98  6:25  Probe  
  103  6:26  Stalker  
  103  6:32  Pylon  
  104  6:42  Probe  
  104  6:43  Nexus, Probe  
  104  6:45  Robotics Facility  
  104  6:54  Probe  
  104  6:56  Stalker x4  
  104  6:58  Probe  
  104  7:02  Probe, Phoenix (Chrono Boost)  
  104  7:05  Shield Battery  
  104  7:07  Shield Battery  
  99  7:09  Gateway  
  99  7:11  Probe, Gateway  
  99  7:13  Pylon  
  100  7:16  Stalker x2  
  100  7:22  Pylon  
  104  7:23  Stalker  
  104  7:29  Phoenix  
  107  7:32  Stalker x2  
  107  7:34  Probe  
  107  7:36  Immortal (Chrono Boost)  
  116  7:45  Psionic Storm  
  116  7:46  Probe  
  116  7:47  Stalker, Sentry  
  116  7:49  Photon Cannon  
  116  7:50  Protoss Ground Weapons Level 2 (Chrono Boost), Shield Battery  
  121  7:54  Pylon  
  121  7:56  Probe  
  122  8:01  Stalker x3  
  128  8:14  Probe  
  128  8:16  Assimilator  
  129  8:21  Assimilator  
  129  8:22  High Templar x2  
  129  8:25  Gateway  
  129  8:26  Gateway  
  133  8:27  Probe, Gateway, Photon Cannon  
  133  8:28  Pylon  
  133  8:32  Photon Cannon  
  133  8:33  High Templar  
  136  8:34  Probe  
  136  8:38  Pylon, Photon Cannon  
  137  8:43  Charge (Chrono Boost)  
  137  8:44  High Templar, Warp Prism (Chrono Boost)  
  137  8:46  Probe  
  142  8:57  High Templar  
  142  8:58  Probe  
  142  9:02  Stalker x3  
  151  9:04  Stalker  
  151  9:05  Photon Cannon  
  151  9:07  Photon Cannon  
  151  9:09  Shield Battery  
  153  9:10  Immortal (Chrono Boost)  
  153  9:14  Stalker x2  
  161  9:19  Stalker x2  
  163  9:25  Stalker x2  
  163  9:31  Archon  
  161  9:32  Stalker x2  
  161  9:36  Archon  
  161  9:38  Zealot x4  
  156  9:42  Probe (Chrono Boost)  
  156  9:44  Zealot x4, Photon Cannon  
  156  9:45  Probe (Chrono Boost)  
  151  9:51  Probe (Chrono Boost)  
  153  9:53  Protoss Ground Weapons Level 3 (Chrono Boost)  
  153  9:54  Probe (Chrono Boost)  
  153  9:55  Probe (Chrono Boost), Pylon  
  155  10:03  Probe (Chrono Boost)  
  155  10:06  Pylon  
  155  10:09  High Templar  
  155  10:10  Pylon  
  155  10:12  High Templar  
  155  10:19  Gateway  
  155  10:20  Gateway  
  154  10:24  Pylon  
  154  10:25  Photon Cannon  
  154  10:27  High Templar x2  
  154  10:28  High Templar, Photon Cannon  
  159  10:31  Pylon  
  159  10:33  Stalker x3  
  163  10:40  Gateway  
  163  10:42  Gateway  
  156  10:50  High Templar x2, Photon Cannon  
  156  10:54  Pylon  
  160  10:57  Nexus  
  160  10:59  Archon  
  160  11:10  High Templar x4  
  160  11:11  Zealot x2  
  171  11:13  Photon Cannon  
  171  11:18  Archon x2  
  169  11:23  Probe  
  170  11:25  Stargate  
  170  11:26  Fleet Beacon  
  170  11:32  High Templar x2  
  172  11:34  Nexus  
  172  11:36  Pylon x2  
  172  11:38  Pylon, Archon  
  174  11:43  Zealot x3  
  174  11:44  Zealot x6  
  192  12:01  Probe  
  187  12:06  Probe  
  187  12:07  Probe x2  
  189  12:14  High Templar x3  
  189  12:15  High Templar x2  
  197  12:16  High Templar  
  197  12:18  Archon, Photon Cannon  
  197  12:19  Archon  
  197  12:21  Photon Cannon  
  197  12:25  Assimilator  
  197  12:27  Assimilator  
  197  12:29  Protoss Shields Level 1 (Chrono Boost), Protoss Air Weapons Level 1 (Chrono Boost)  
  197  12:32  Observer (Chrono Boost)  
  198  12:38  Archon  
  198  12:56  Zealot  
  200  13:00  Stargate  
  200  13:02  Pylon  
  186  13:21  Zealot x7  
  200  13:32  Warp Prism (Chrono Boost)  
  184  13:38  Probe, Stargate  
  175  13:41  Tempest (Chrono Boost)  
  175  13:42  Tempest (Chrono Boost)  
  175  13:47  Nexus  
  190  13:49  Pylon  
  190  13:55  Tempest (Chrono Boost)  
  186  13:57  Zealot x7  
  198  14:27  Tempest (Chrono Boost)  
  198  14:28  Tempest (Chrono Boost)  
  198  14:29  Photon Cannon  
  198  14:30  Photon Cannon  
  199  14:32  Photon Cannon x2  
  199  14:33  Mothership (Chrono Boost)  
  199  14:35  Photon Cannon  
  199  14:37  Tempest (Chrono Boost)  
  199  15:03  Assimilator  
  196  15:11  Assimilator  
  196  15:18  Gateway  
  196  15:19  Gateway  
  196  15:21  Pylon  
  193  15:33  Protoss Shields Level 2  
  193  15:34  Protoss Air Weapons Level 2 (Chrono Boost)  
  191  15:46  Forge  
  191  15:47  Photon Cannon  
  191  15:48  Gateway  
  191  15:50  High Templar  
  191  15:52  High Templar x3  
  199  15:58  Archon  
  199  15:59  Archon  
  199  16:02  Photon Cannon  
  199  16:03  Photon Cannon  
  192  16:15  Gateway, Photon Cannon  
  192  16:16  Assimilator  
  188  16:21  Zealot x6  
  200  16:40  Nexus  
  200  16:42  Pylon  
  200  17:00  Oracle  
  192  17:13  Warp Prism (Chrono Boost)  
  178  17:24  Tempest  
  181  17:36  High Templar x4  
  183  17:37  Zealot x8  
  183  17:40  Pylon  
  183  17:42  Archon x2  
  199  17:59  Photon Cannon  
  195  18:29  Zealot x4  
  195  18:30  Zealot x2  
  195  18:39  Unknown  
  181  18:58  High Templar x3  
  181  18:59  High Templar x2, Protoss Shields Level 3 (Chrono Boost), Protoss Ground Armor Level 1 (Chrono Boost)  
  179  19:06  Photon Cannon  
  179  19:09  Stargate  
  177  19:10  Stargate  
  177  19:11  Stargate  
  177  19:12  Protoss Air Weapons Level 3 (Chrono Boost)  
  177  19:15  Photon Cannon  
  177  19:16  Photon Cannon  
  177  19:17  Photon Cannon  
  155  19:50  Zealot x10  
  155  19:51  Zealot  
  165  19:53  Oracle  
  168  20:03  Tempest x2  
  165  20:13  High Templar x4  
  173  20:25  Oracle  
  173  20:28  Gateway  
  160  20:32  Warp Prism (Chrono Boost), Shield Battery  
  160  20:34  Zealot x6, Photon Cannon  
  166  20:37  Photon Cannon  
  166  20:38  High Templar  
  166  20:39  Photon Cannon  
  166  20:41  Assimilator  
  170  20:46  Assimilator  
  168  20:50  High Templar x4  
  168  20:56  Zealot x5  
  176  20:57  Archon x2  
  176  21:05  Zealot  
  178  21:20  Zealot x3  
  184  21:27  Probe  
  184  21:29  High Templar x2  
  184  21:31  Observer (Chrono Boost)  
  190  21:45  Protoss Ground Armor Level 2  
  190  22:03  Protoss Air Armor Level 1 (Chrono Boost)  
  190  22:14  Tempest x2  
  198  22:50  Zealot  
  200  22:53  Archon  
  200  22:55  Zealot  
  200  22:56  Zealot x2  
  200  22:57  Warp Prism (Chrono Boost), Zealot x7  
  190  23:25  High Templar x2  
  186  23:34  Tempest x2  
  193  24:05  High Templar x2  
  193  24:06  High Templar  
  192  24:35  Warp Prism (Chrono Boost)  
  192  24:36  Oracle x2  
  178  24:52  High Templar x4  
  172  24:53  High Templar x3  
  172  24:54  High Templar, Zealot x2  
  172  24:55  Zealot x2  
  172  24:58  Archon x2  
  172  24:59  Archon x2  
  192  25:14  Oracle  
  195  25:16  Observer (Chrono Boost)  
  183  25:37  Tempest  
  183  25:39  Oracle  
  186  25:45  Archon  
  186  25:48  Zealot x5  
  186  25:49  Zealot x4  
  185  26:00  Immortal (Chrono Boost)  
  189  26:13  High Templar x2  
  189  26:14  High Templar x3  
  199  26:20  Archon x2  
  189  26:31  Immortal (Chrono Boost)  
  170  26:48  Protoss Ground Armor Level 3 (Chrono Boost)  
  170  26:54  Immortal (Chrono Boost)  
  170  26:57  High Templar x2  
  170  27:00  Protoss Air Armor Level 2  
  178  27:22  Observer (Chrono Boost)  
  178  27:38  High Templar x4  
  178  27:39  High Templar x2  
  178  27:40  Immortal (Chrono Boost)  
  178  27:42  Nexus  
  189  27:50  Pylon, Tempest x2  
  181  27:59  Zealot x2  
  181  28:00  Zealot  
  187  28:15  Pylon  
  187  28:19  Immortal (Chrono Boost)  
  180  28:20  High Templar x4  
  180  28:21  High Templar x2  
  180  28:25  Archon x2  
  180  28:26  Archon  
  193  28:32  Archon x2  
  186  28:44  Archon  
  186  28:47  Pylon  
  186  28:51  Immortal  
  189  29:19  Zealot x5  
  199  29:50  Mothership (Chrono Boost)  
  191  30:01  Zealot x4  
  191  30:04  Observer (Chrono Boost)  
  198  30:21  Nexus  
  198  30:24  Pylon  
  185  30:28  Assimilator  
  185  30:33  Assimilator  
  181  30:43  Pylon  
  181  30:47  Protoss Air Armor Level 3 (Chrono Boost)  
  181  30:53  Nexus  
  181  30:56  Photon Cannon  
  180  30:59  Photon Cannon  
  180  31:00  Photon Cannon  
  180  31:02  Photon Cannon  
  180  31:05  Shield Battery  
  180  31:06  Shield Battery  
  180  31:08  Shield Battery x2  
  176  31:15  Zealot x9  
  168  31:50  High Templar x2  
  168  31:52  Oracle (Chrono Boost)  
  168  31:58  Oracle (Chrono Boost)  
  166  32:01  Archon  
  171  32:09  Zealot x4  
  171  32:11  High Templar x2  
  183  32:18  Tempest (Chrono Boost)  
  183  32:23  Photon Cannon  
  183  32:24  Photon Cannon  
  183  32:25  Photon Cannon  
  182  32:38  High Templar x3  
  185  32:44  Zealot x5  
  185  32:46  Archon  
  192  32:52  Pylon  
  192  33:10  Observer (Chrono Boost)  
  192  33:11  High Templar x4  
  197  33:27  Assimilator  
  197  33:38  Probe  
  198  33:42  Photon Cannon  
  198  33:44  Photon Cannon  
  198  33:45  Photon Cannon  
  198  33:46  Photon Cannon  
  198  33:48  Photon Cannon, Shield Battery  
  192  33:51  Photon Cannon  
  192  33:53  Pylon  
  192  33:54  Tempest (Chrono Boost)  
  197  34:03  Observer  
  197  34:04  Tempest x2 (Chrono Boost)  
  198  34:19  Pylon  
  198  34:24  Observer  
  199  34:47  Shield Battery  
  192  35:00  Shield Battery  
  192  35:05  Zealot  
  192  35:06  Zealot x3  
  199  35:29  Shield Battery x2  
  199  35:31  Shield Battery  
  199  35:37  Nexus  
  199  35:38  Pylon  
  199  35:40  Assimilator  
  194  35:45  Assimilator  
  192  36:07  Oracle x2  
  167  36:20  Nexus  
  167  36:21  Pylon  
  167  36:24  Assimilator  
  166  36:47  Observer  
  166  36:49  Zealot  
  166  36:52  Observer  
  166  36:54  Nexus  
  147  37:30  Shield Battery  
  147  37:31  Shield Battery  
  147  37:32  Shield Battery  
  137  37:38  Zealot x4  
  137  37:40  Probe  
  137  37:42  Probe  
  142  37:57  Carrier (Chrono Boost)  
  142  37:58  Carrier (Chrono Boost)  
  184  38:08  Carrier x5 (Chrono Boost)  
  173  38:28  Zealot x4  
  181  38:43  Nexus  
  181  38:54  Carrier  
  181  38:55  Carrier  
  189  39:04  Carrier  
  189  39:05  Pylon  
  195  39:16  Observer  
  195  39:26  Oracle  
  195  39:30  Shield Battery  
  123  40:17  Immortal  
  131  40:25  Void Ray x2  
  131  40:29  High Templar x2  
  131  40:30  Zealot x2  
  139  40:58  Nexus  
Tags
 
Add a new tag
Caveats
  • Supply blocks, unpowered buildings, or Contaminate may cause inaccurate times.
  • Supply counts are checked every 10 seconds.